TOP OF THE 1ST |
Raleigh-Durham Capitals batting - Pitching for Salem Rebels : RHP John Hessler
|
Pitching: RHP John Hessler
|
|
Batting: SHB Horace Ransom
|
0-0: Ball 1-0: Called Strike 1-1: Bunt missed! 1-2: Ball 2-2: Ground out 4-3 (Groundball, 34, EV 87.5 MPH)
|
Batting: RHB Tony Camara
|
0-0: Ground out 6-3 (Groundball, 6, EV 86.9 MPH)
|
Batting: LHB Mark Reynolds
|
0-0: Ball 1-0: Swinging Strike 1-1: Swinging Strike 1-2: Ball 2-2: Fly out, F6 (Popup, 6D, EV 58.1 MPH)
|
Top of the 1st over - 0 runs, 0 hits, 0 errors, 0 left on base; Raleigh-Durham 0 - Salem 0 |
BOTTOM OF THE 1ST |
Salem Rebels batting - Pitching for Raleigh-Durham Capitals : RHP Allen Wesolowski
|
Pitching: RHP Allen Wesolowski
|
|
Batting: RHB Daniel Szajko
|
0-0: SINGLE (Flyball, 3D, EV 88.8 MPH)
|
Batting: RHB David Smith
|
0-0: Foul Ball, location: 2F 0-1: DOUBLE (Line Drive, 78XD, EV 97.5 MPH) Daniel Szajko to third
|
Batting: RHB Glenn Jones
|
0-0: Ball 1-0: Called Strike 1-1: Fly out, F6 (Popup, P, EV 78.8 MPH)
|
Batting: RHB John Schaive
|
0-0: Fly out, F8 (Flyball, 78M, EV 78.1 MPH)
|
Batting: RHB Joe Jones
|
0-0: Fly out, F8 (Flyball, 8RD, EV 101.9 MPH)
|
Bottom of the 1st over - 0 runs, 2 hits, 0 errors, 2 left on base; Raleigh-Durham 0 - Salem 0 |
TOP OF THE 2ND |
Raleigh-Durham Capitals batting - Pitching for Salem Rebels : RHP John Hessler
|
Batting: RHB Christopher Barbone
|
0-0: Ball 1-0: Ball 2-0: Swinging Strike 2-1: Foul Ball, location: 2F 2-2: Strikes out swinging
|
Batting: LHB Richard Kelly
|
0-0: Fly out, F9 (Flyball, 89D, EV 101.9 MPH)
|
Batting: RHB Richard Ferchen
|
0-0: Ball 1-0: Foul Ball, location: 2F 1-1: Foul Ball, location: 2F 1-2: Strikes out swinging
|
Top of the 2nd over - 0 runs, 0 hits, 0 errors, 0 left on base; Raleigh-Durham 0 - Salem 0 |
BOTTOM OF THE 2ND |
Salem Rebels batting - Pitching for Raleigh-Durham Capitals : RHP Allen Wesolowski
|
Batting: RHB Gary Leslie
|
0-0: Foul Ball, location: 2F 0-1: Ground out U3 (Groundball, 34S, EV 77.5 MPH)
|
Batting: RHB Michael Murray
|
0-0: Called Strike 0-1: Ball 1-1: DOUBLE (Line Drive, 9LM, EV 107.5 MPH)
|
Batting: RHB Steven Schields
|
0-0: Ball 1-0: Ball 2-0: Foul Ball, location: 2F 2-1: Foul Ball, location: 2F 2-2: Ground out 6-3 (Groundball, 56, EV 87.5 MPH)
|
Batting: RHB Michael Guerra
|
0-0: Called Strike 0-1: Ground out 6-3 (Groundball, 56D, EV 101.3 MPH)
|
Bottom of the 2nd over - 0 runs, 1 hit, 0 errors, 1 left on base; Raleigh-Durham 0 - Salem 0 |
TOP OF THE 3RD |
Raleigh-Durham Capitals batting - Pitching for Salem Rebels : RHP John Hessler
|
Batting: RHB Luis Brito
|
0-0: Ball 1-0: Ground out U3 (Groundball, 34, EV 86.3 MPH)
|
Batting: LHB Donald Jamerson
|
0-0: Ball 1-0: SINGLE (Groundball, 6MD, EV 108.8 MPH)
|
Batting: RHB Marshall Burk
|
0-0: Ball Donald Jamerson steals 2nd base 1-0: Ball 2-0: Fly out, F6 (Popup, 6M, EV 67.5 MPH)
|
Batting: SHB Horace Ransom
|
0-0: Foul Ball, location: 2F 0-1: Foul Ball, location: 2F 0-2: Ball 1-2: Strikes out swinging
|
Top of the 3rd over - 0 runs, 1 hit, 0 errors, 1 left on base; Raleigh-Durham 0 - Salem 0 |
BOTTOM OF THE 3RD |
Salem Rebels batting - Pitching for Raleigh-Durham Capitals : RHP Allen Wesolowski
|
Batting: RHB Daniel Szajko
|
0-0: Ground out 6-3 (Groundball, 6, EV 86.3 MPH)
|
Batting: RHB David Smith
|
0-0: Ball 1-0: Ground out 4-3 (Groundball, 4, EV 105.0 MPH)
|
Batting: RHB Glenn Jones
|
0-0: Ball 1-0: Swinging Strike 1-1: Called Strike 1-2: Foul Ball, location: 2F 1-2: Ball 2-2: Foul Ball, location: 2F 2-2: SINGLE (Groundball, 56S, EV 68.1 MPH) (infield hit)
|
Batting: RHB John Schaive
|
0-0: Ball Glenn Jones is caught stealing 2nd base 2-4
|
Bottom of the 3rd over - 0 runs, 1 hit, 0 errors, 0 left on base; Raleigh-Durham 0 - Salem 0 |
TOP OF THE 4TH |
Raleigh-Durham Capitals batting - Pitching for Salem Rebels : RHP John Hessler
|
Batting: RHB Tony Camara
|
0-0: Fly out, F4 (Line Drive, 4, EV 68.1 MPH)
|
Batting: LHB Mark Reynolds
|
0-0: Ball 1-0: Ball 2-0: Ball 3-0: Called Strike 3-1: Called Strike 3-2: Foul Ball, location: 2F 3-2: Base on Balls
|
Batting: RHB Christopher Barbone
|
0-0: Fly out, F8 (Flyball, 8LM, EV 87.5 MPH)
|
Batting: LHB Richard Kelly
|
0-0: Called Strike 0-1: Called Strike 0-2: Ball 1-2: Fly out, F8 (Flyball, 8LM, EV 94.4 MPH)
|
Top of the 4th over - 0 runs, 0 hits, 0 errors, 1 left on base; Raleigh-Durham 0 - Salem 0 |
BOTTOM OF THE 4TH |
Salem Rebels batting - Pitching for Raleigh-Durham Capitals : RHP Allen Wesolowski
|
Batting: RHB John Schaive
|
0-0: Ball 1-0: Ball 2-0: Ball 3-0: Base on Balls
|
Batting: RHB Joe Jones
|
0-0: Foul Ball, location: 2F 0-1: Ground out 4-3 (Groundball, 4S, EV 66.3 MPH) John Schaive to second
|
Batting: RHB Gary Leslie
|
0-0: Called Strike 0-1: Called Strike 0-2: Foul Ball, location: 2F 0-2: SINGLE (Groundball, 4MD, EV 98.1 MPH) John Schaive to third Runner from 3rd tries for Home, SAFE, throw by CF to home
|
Batting: RHB Michael Murray
|
0-0: Ball Gary Leslie steals 2nd base 1-0: Called Strike 1-1: Ball 2-1: Ball 3-1: Called Strike 3-2: Base on Balls
|
Batting: RHB Steven Schields
|
0-0: Ball Gary Leslie steals 3rd base 1-0: Foul Ball, location: 2F 1-1: Foul Ball, location: 2F 1-2: Fielders Choice at 2nd, 6-4 (Groundball, 6, EV 90.0 MPH) Gary Leslie scores
|
Batting: RHB Michael Guerra
|
0-0: Ball Steven Schields is caught stealing 2nd base 2-4
|
Bottom of the 4th over - 2 runs, 1 hit, 0 errors, 0 left on base; Raleigh-Durham 0 - Salem 2 |
TOP OF THE 5TH |
Raleigh-Durham Capitals batting - Pitching for Salem Rebels : RHP John Hessler
|
Batting: RHB Richard Ferchen
|
0-0: Ball 1-0: Called Strike 1-1: Ball 2-1: Fly out, F9 (Flyball, 89S, EV 90.6 MPH)
|
Batting: RHB Luis Brito
|
0-0: Ball 1-0: Foul Ball, location: 2F 1-1: Ball 2-1: Ball 3-1: Called Strike 3-2: Strikes out swinging
|
Batting: LHB Donald Jamerson
|
0-0: Ball 1-0: DOUBLE (Line Drive, 5D, EV 95.6 MPH)
|
Batting: RHB Marshall Burk
|
0-0: Fly out, F9 (Flyball, 9S, EV 79.4 MPH)
|
Top of the 5th over - 0 runs, 1 hit, 0 errors, 1 left on base; Raleigh-Durham 0 - Salem 2 |
BOTTOM OF THE 5TH |
Salem Rebels batting - Pitching for Raleigh-Durham Capitals : RHP Allen Wesolowski
|
Batting: RHB Michael Guerra
|
0-0: Ball 1-0: Ball 2-0: Swinging Strike 2-1: Called Strike 2-2: Strikes out swinging
|
Batting: RHB Daniel Szajko
|
0-0: Foul Ball, location: 2F 0-1: Swinging Strike 0-2: Foul Ball, location: 2F 0-2: Strikes out looking
|
Batting: RHB David Smith
|
0-0: Ground out 6-3 (Groundball, 6, EV 84.4 MPH)
|
Bottom of the 5th over - 0 runs, 0 hits, 0 errors, 0 left on base; Raleigh-Durham 0 - Salem 2 |
TOP OF THE 6TH |
Raleigh-Durham Capitals batting - Pitching for Salem Rebels : RHP John Hessler
|
Batting: SHB Horace Ransom
|
0-0: Ball 1-0: Ball 2-0: SINGLE (Flyball, 34D, EV 90.0 MPH)
|
Batting: RHB Tony Camara
|
0-0: Fly out, F3 (Line Drive, 3, EV 62.5 MPH) Lined into DP, U3 (Line Drive, 3, EV 67.5 MPH)
|
Batting: LHB Mark Reynolds
|
0-0: Reached on error, E2 (Groundball, 2L, EV 70.0 MPH)
|
Batting: RHB Christopher Barbone
|
0-0: Swinging Strike 0-1: Ball 1-1: Foul Ball, location: 2F 1-2: Strikes out looking
|
Top of the 6th over - 0 runs, 1 hit, 1 error, 1 left on base; Raleigh-Durham 0 - Salem 2 |
BOTTOM OF THE 6TH |
Salem Rebels batting - Pitching for Raleigh-Durham Capitals : RHP Allen Wesolowski
|
Batting: RHB Glenn Jones
|
0-0: Ground out 1-3 (Groundball, 13S, EV 70.0 MPH)
|
Batting: RHB John Schaive
|
0-0: Ball 1-0: Fly out, F7 (Flyball, 7D, EV 99.4 MPH)
|
Batting: RHB Joe Jones
|
0-0: Fly out, F8 (Line Drive, 8LD, EV 94.4 MPH)
|
Bottom of the 6th over - 0 runs, 0 hits, 0 errors, 0 left on base; Raleigh-Durham 0 - Salem 2 |
TOP OF THE 7TH |
Raleigh-Durham Capitals batting - Pitching for Salem Rebels : RHP John Hessler
|
Batting: LHB Richard Kelly
|
0-0: Called Strike 0-1: Ground out 3-1 (Groundball, 34, EV 98.8 MPH)
|
Batting: RHB Richard Ferchen
|
0-0: Called Strike 0-1: Ball 1-1: Ball 2-1: SINGLE (Groundball, 6MD, EV 100.0 MPH)
|
Batting: RHB Luis Brito
|
0-0: Ball 1-0: Ball 2-0: Called Strike 2-1: Ball 3-1: Foul Ball, location: 2F 3-2: Foul Ball, location: 2F 3-2: Foul Ball, location: 2F 3-2: Grounds into double play, 5-4-3 (Groundball, 56, EV 89.4 MPH)
|
Top of the 7th over - 0 runs, 1 hit, 0 errors, 0 left on base; Raleigh-Durham 0 - Salem 2 |
BOTTOM OF THE 7TH |
Salem Rebels batting - Pitching for Raleigh-Durham Capitals : RHP Allen Wesolowski
|
Batting: RHB Gary Leslie
|
0-0: Ball 1-0: Foul Ball, location: 2F 1-1: Foul Ball, location: 2F 1-2: DOUBLE (Line Drive, 78D, EV 108.8 MPH)
|
Batting: RHB Michael Murray
|
0-0: Ball 1-0: Called Strike 1-1: Foul Ball, location: 2F 1-2: Ball 2-2: Ball 3-2: Foul Ball, location: 2F 3-2: Foul Ball, location: 2F 3-2: Base on Balls
|
Batting: RHB Steven Schields
|
0-0: Swinging Strike 0-1: Grounds into double play, 6-4-3 (Groundball, 6, EV 81.9 MPH) Gary Leslie to third
|
Batting: RHB Michael Guerra
|
0-0: Called Strike 0-1: Ball 1-1: Ball 2-1: Swinging Strike 2-2: Ground out 3-1 (Groundball, 34, EV 100.6 MPH)
|
Bottom of the 7th over - 0 runs, 1 hit, 0 errors, 1 left on base; Raleigh-Durham 0 - Salem 2 |
TOP OF THE 8TH |
Raleigh-Durham Capitals batting - Pitching for Salem Rebels : RHP John Hessler
|
Batting: LHB Donald Jamerson
|
0-0: Foul Ball, location: 2F 0-1: Ball 1-1: Swinging Strike 1-2: Fly out, F8 (Flyball, 8LD, EV 109.4 MPH)
|
Batting: RHB Marshall Burk
|
0-0: Swinging Strike 0-1: Ground out 5-3 (Groundball, 56, EV 103.1 MPH)
|
Batting: SHB Horace Ransom
|
0-0: Ball 1-0: Called Strike 1-1: Swinging Strike 1-2: Foul Ball, location: 2F 1-2: Ball 2-2: Ball 3-2: Base on Balls
|
Batting: RHB Tony Camara
|
0-0: Foul Ball, location: 2F 0-1: Ground out 4-3 (Groundball, 34, EV 106.3 MPH)
|
Top of the 8th over - 0 runs, 0 hits, 0 errors, 1 left on base; Raleigh-Durham 0 - Salem 2 |
BOTTOM OF THE 8TH |
Salem Rebels batting - Pitching for Raleigh-Durham Capitals : RHP Allen Wesolowski
|
Batting: RHB Daniel Szajko
|
0-0: Called Strike 0-1: Swinging Strike 0-2: Ball 1-2: Ball 2-2: Ground out 6-3 (Groundball, 6, EV 86.3 MPH)
|
Batting: RHB David Smith
|
0-0: Foul Ball, location: 2F 0-1: Called Strike 0-2: Ball 1-2: Foul Ball, location: 2F 1-2: Ball 2-2: Ball 3-2: Strikes out swinging
|
Batting: RHB Glenn Jones
|
0-0: Called Strike 0-1: Ball 1-1: Swinging Strike 1-2: Strikes out looking
|
Bottom of the 8th over - 0 runs, 0 hits, 0 errors, 0 left on base; Raleigh-Durham 0 - Salem 2 |
TOP OF THE 9TH |
Raleigh-Durham Capitals batting - Pitching for Salem Rebels : RHP John Hessler
|
Batting: LHB Mark Reynolds
|
0-0: Swinging Strike 0-1: Foul Ball, location: 2F 0-2: Strikes out swinging
|
Batting: RHB Christopher Barbone
|
0-0: Foul Ball, location: 2F 0-1: Ball 1-1: Ground out 6-3 (Groundball, 6, EV 88.8 MPH)
|
Batting: LHB Richard Kelly
|
0-0: Ball 1-0: Called Strike 1-1: Foul Ball, location: 2F 1-2: Foul Ball, location: 2F 1-2: Ball 2-2: Foul Ball, location: 2F 2-2: Foul Ball, location: 2F 2-2: Foul Ball, location: 2F 2-2: Ground out 6-3 (Groundball, 6, EV 109.4 MPH)
|
Top of the 9th over - 0 runs, 0 hits, 0 errors, 0 left on base; Raleigh-Durham 0 - Salem 2 |
|